 Dungeon Crawl Stone Soup version 0.30.1-9-gdf580d7c3d (webtiles) character file.

Game seed: 17986384260670614503

73 KittyFluff the Trooper (level 4, 0/29 HPs)
             Began as a Gargoyle Berserker on Oct 20, 2023.
             Was a Believer of Trog.
             Slain by Sigmund
             ... wielding a +0 scythe
              (1 damage)
             ... on level 2 of the Dungeon.
             The game lasted 00:03:39 (1156 turns).

KittyFluff the Trooper (Gargoyle Berserker)         Turns: 1156, Time: 00:03:39

Health: 0/29       AC:  5    Str: 22    XL:     4   Next: 27%
Magic:  4/4        EV: 12    Int:  8    God:    Trog [**....]
Gold:   31         SH:  0    Dex:  9    Spells: 3/3 levels left

rFire   . . .        a - +0 mace
rCold   . . .        (no shield)
rNeg    + . .        b - +0 animal skin
rPois   ∞            (no helmet)
rElec   +            (no cloak)
rCorr   .            (no gloves)
SInv    +            (no boots)
Will    .....        (no amulet)
Stlth   +            l - ring of see invisible
HPRegen 0.24/turn    (no ring)
MPRegen 0.09/turn

%: no passive effects
@: confused
A: sickness immunity, AC +3, negative energy resistance 1, electricity
resistance, torment resistance 1, petrification resistance
a: Renounce Religion, Berserk, Trog's Hand


You were on level 2 of the Dungeon.
You worshipped Trog.
Trog was pleased with you.
You visited 1 branch of the dungeon, and saw 2 of its levels.

You collected 31 gold pieces.

Inventory:

Hand Weapons
 a - a +0 mace (weapon)
 k - a +0 sling
Missiles
 h - 5 poisoned darts (quivered)
Armour
 b - a +0 animal skin (worn)
Jewellery
 l - a ring of see invisible (left hand)
Scrolls
 c - 3 scrolls of identify {unknown}
 e - a scroll of butterflies {unknown}
 f - a scroll of silence {unknown}
 g - a scroll of fear {unknown}
 i - a scroll of magic mapping {unknown}
Potions
 d - a potion of flight {unknown}
 j - a potion of lignification {unknown}


   Skills:
 + Level 3.8 Fighting
 * Level 3.7 Maces & Flails
 * Level 3.2 Armour
 + Level 2.0 Dodging


You had 3 spell levels left.
You didn't know any spells.
Your spell library was empty.

Dungeon Overview and Level Annotations

Branches:
Dungeon (2/15)

Altars:
Sif Muna

Annotations:
D:2 Sigmund


Innate Abilities, Weirdness & Mutations

You are immune to sickness and miasma.
Your stone body is resilient. (AC +3)
You are immune to poison.
You resist negative energy. (rN+)
You are resistant to electric shocks. (rElec)
You are resistant to unholy torment.
You are immune to petrification.


Message History

Trog accepts your kill.
Things that are here:
a +0 dagger; a goblin corpse A bat comes into view.
The bat barely misses you.
You hit the bat.
You kill the bat!
Trog accepts your kill.
Sigmund the Dreaded comes into view.
He is wielding a +0 scythe.
Sigmund shouts!
Sigmund casts a spell at you.
You are confused.
You bump into the rock wall.
Sigmund barely misses you.
You bump into the rock wall.
Sigmund points at you and mumbles some strange words.
You are more confused.
You bump into the rock wall.
Sigmund closely misses you.
You bump into the rock wall.
Sigmund gestures at you while chanting. The magic dart hits you!
You bump into the rock wall.
Sigmund hits you from afar with a +0 scythe.
You bump into the rock wall.
Sigmund casts a spell at you.
You are more confused.
You barely miss Sigmund. Sigmund hits you with a +0 scythe!
* * * LOW HITPOINT WARNING * * *
You are too confused!
You closely miss Sigmund. Sigmund barely misses you.
You bump into the rock wall.
Sigmund hits you with a +0 scythe.
* * * LOW HITPOINT WARNING * * *
You bump into the rock wall.
You sock Sigmund!
Sigmund is moderately wounded.
Sigmund hits you with a +0 scythe.
* * * LOW HITPOINT WARNING * * *
You hit Sigmund but do no damage.
Sigmund is moderately wounded.
Sigmund hits you with a +0 scythe.
You die...

#.##...###.# ##.<......#.#
.......##.#.##
##..#..#.....####################
#..#..#..#......................
#..#..#..#.#####################
. #..#..#.######
#.##..#.........#
#...)......####@# ............#
#@# .......#.##.# #.#
######.#.##.# #.# #.#.##.# #.#
#...##.# #.# ###.##.# #.#
########.# #.. .........#


You could see Sigmund.

Vanquished Creatures
  Jessica (D:2)
  2 adders (D:2)
  3 endoplasms
  3 giant cockroaches (D:2)
  5 goblins
  3 hobgoblins (D:1)
  3 ball pythons (D:1)
  4 bats
  2 frilled lizards (D:1)
  3 rats
29 creatures vanquished.

Notes
Turn   | Place    | Note
-------+----------+-------------------------------------------
     0 | D:1      | KittyFluff the Gargoyle Berserker began the quest for the
                  | Orb.
     0 | D:1      | Reached XP level 1. HP: 14/14 MP: 1/1
   202 | D:1      | Reached XP level 2. HP: 18/19 MP: 2/2
   225 | D:1      | Found a faded altar of an unknown god.
   775 | D:2      | Reached XP level 3. HP: 18/23 MP: 3/3
   776 | D:2      | Reached ** piety under Trog
   825 | D:2      | Found a shimmering blue altar of Sif Muna.
   829 | D:2      | Noticed Jessica
   835 | D:2      | Killed Jessica
   836 | D:2      | Reached XP level 4. HP: 13/29 MP: 4/4
  1142 | D:2      | Noticed Sigmund
  1155 | D:2      | HP: 1/29 [Sigmund/+0 scythe (5)]
  1156 | D:2      | Slain by Sigmund

Illustrated notes

Levels and vault maps discovered:
D:1:      reono_arrival_forest_river, layout_loops_ring,
          shapermc_ecumenical_altar_gd
D:2:      layout_loops_ring, basic_altar, uniq_sigmund, uniq_jessica

Skill      XL: |  1  2  3 |
---------------+----------+-----
Armour         | 3 |  3.2
Dodging        | 2 |  2.0
Fighting       | |  3.8
Maces & Flails | |  3.7

Action                     |  1- 3 |  4- 6 || total
---------------------------+-------+-------++-------
  Melee: Mace              |    74 |    13 ||    87
         Punch             |     1 |     1 ||     2
 Armour: Animal skin       |    31 |     2 ||    33
  Dodge: Dodged            |    49 |    10 ||    59
